PR
HICKSVILLE HOUNDS @ TWINSBURG TIGERS
06/19/2041
 
TOP OF THE 1ST
Hicksville Hounds batting - Pitching for Twinsburg Tigers : RHP Billy Hansen
Pitching: RHP Billy Hansen
Batting: LHB Erik Weinstein 0-0: Ball
1-0: Called Strike
1-1: Swinging Strike
1-2: Strikes out swinging
Batting: RHB Arturo Iglésias 0-0: Called Strike
0-1: SINGLE (Groundball, 6, EV 100.6 MPH) (infield hit)
Batting: RHB Rafael Gutiérrez 0-0: Ball
1-0: Called Strike
Arturo Iglésias steals 2nd base (no throw)
1-1: Called Strike
1-2: DOUBLE (Line Drive, 78XD, EV 105.6 MPH)
Arturo Iglésias scores
Batting: LHB Michael Cherry 0-0: Called Strike
0-1: Foul Ball, location: 2F
0-2: Ball
1-2: Foul Ball, location: 2F
1-2: Ball
2-2: Ball
3-2: Ground out 4-3 (Groundball, 34, EV 106.9 MPH)
Rafael Gutiérrez to third
Batting: RHB Joe Barrientez 0-0: SINGLE (Flyball, 9S, EV 82.5 MPH)
Rafael Gutiérrez scores
Batting: RHB Jun Hasegawa 0-0: Fly out, F3 (Popup, 3SF, EV 71.2 MPH)
Top of the 1st over - 2 runs, 3 hits, 0 errors, 1 left on base; Hicksville 2 - Twinsburg 0
BOTTOM OF THE 1ST
Twinsburg Tigers batting - Pitching for Hicksville Hounds : RHP Damarco Lyons
Pitching: RHP Damarco Lyons
Batting: RHB Alex Kelley 0-0: Foul Ball, location: 2F
0-1: Ball
1-1: Called Strike
1-2: Strikes out swinging
Batting: RHB Ramón Suzuarregui 0-0: Called Strike
0-1: Ball
1-1: Fly out, F4 (Line Drive, 4, EV 64.4 MPH)
Batting: LHB Leonardo Sánchez 0-0: Ball
1-0: Foul Ball, location: 2F
1-1: Ground out 4-3 (Groundball, 4, EV 90.0 MPH)
Bottom of the 1st over - 0 runs, 0 hits, 0 errors, 0 left on base; Hicksville 2 - Twinsburg 0
TOP OF THE 2ND
Hicksville Hounds batting - Pitching for Twinsburg Tigers : RHP Billy Hansen
Batting: RHB Pedro Costa 0-0: Called Strike
0-1: Ball
1-1: Foul Ball, location: 2F
1-2: SINGLE (Groundball, 6MD, EV 93.8 MPH)
Batting: RHB Martín González 0-0: Ball
1-0: Ball
2-0: Ball
3-0: Called Strike
3-1: Base on Balls
Pedro Costa to second
Batting: RHB Larry Thompson 0-0: Ball
1-0: Called Strike
1-1: Ball
2-1: Called Strike
2-2: Strikes out swinging
Batting: LHB Erik Weinstein 0-0: Called Strike
0-1: Ball
1-1: Swinging Strike
1-2: Ball
2-2: Strikes out looking
Batting: RHB Arturo Iglésias 0-0: Called Strike
0-1: Ball
1-1: Ball
2-1: Foul Ball, location: 2F
2-2: Strikes out swinging
Top of the 2nd over - 0 runs, 1 hit, 0 errors, 2 left on base; Hicksville 2 - Twinsburg 0
BOTTOM OF THE 2ND
Twinsburg Tigers batting - Pitching for Hicksville Hounds : RHP Damarco Lyons
Batting: LHB Bill Wilson 0-0: Foul Ball, location: 2F
0-1: Ball
1-1: Ball
2-1: Called Strike
2-2: Strikes out swinging
Batting: RHB Jacob Gray 0-0: Ball
1-0: Fly out, F7 (Line Drive, 7S, EV 90.0 MPH)
Batting: LHB Ole Geenen 0-0: Called Strike
0-1: Swinging Strike
0-2: Strikes out looking
Bottom of the 2nd over - 0 runs, 0 hits, 0 errors, 0 left on base; Hicksville 2 - Twinsburg 0
TOP OF THE 3RD
Hicksville Hounds batting - Pitching for Twinsburg Tigers : RHP Billy Hansen
Batting: RHB Rafael Gutiérrez 0-0: Ground out 5-3 (Groundball, 56S, EV 85.0 MPH)
Batting: LHB Michael Cherry 0-0: TRIPLE (Flyball, 89XD, EV 100.0 MPH)
Batting: RHB Joe Barrientez 0-0: Ball
1-0: Called Strike
1-1: Fly out, F9 (Flyball, 8RS, EV 95.0 MPH)
Batting: RHB Jun Hasegawa 0-0: Foul Ball, location: 2F
0-1: Ball
1-1: Called Strike
1-2: Ground out 4-3 (Groundball, 4, EV 83.1 MPH)
Top of the 3rd over - 0 runs, 1 hit, 0 errors, 1 left on base; Hicksville 2 - Twinsburg 0
BOTTOM OF THE 3RD
Twinsburg Tigers batting - Pitching for Hicksville Hounds : RHP Damarco Lyons
Batting: RHB António Martínez 0-0: Ground out 4-3 (Groundball, 4M, EV 85.0 MPH)
Batting: LHB Ray Winters 0-0: Called Strike
0-1: Fly out, F7 (Line Drive, 7, EV 95.6 MPH)
Batting: LHB Christian Reynolds 0-0: Foul Ball, location: 2F
0-1: Swinging Strike
0-2: Strikes out swinging
Bottom of the 3rd over - 0 runs, 0 hits, 0 errors, 0 left on base; Hicksville 2 - Twinsburg 0
TOP OF THE 4TH
Hicksville Hounds batting - Pitching for Twinsburg Tigers : RHP Billy Hansen
Batting: RHB Pedro Costa 0-0: Foul Ball, location: 2F
0-1: Ball
1-1: Ball
2-1: DOUBLE (Flyball, 89XD, EV 110.0 MPH)
Batting: RHB Martín González 0-0: Foul Ball, location: 2F
0-1: SINGLE (Groundball, 34D, EV 97.5 MPH)
Pedro Costa to third
Batting: RHB Larry Thompson 0-0: Ball
1-0: Ball
2-0: Fielders Choice at 2nd, 6-4 (Groundball, 6M, EV 86.9 MPH)
Pedro Costa scores
Batting: LHB Erik Weinstein 0-0: Ball
1-0: Foul Ball, location: 2F
1-1: Ball
2-1: Fielders Choice at 2nd, 4-6 (Groundball, 4, EV 81.2 MPH)
Batting: RHB Arturo Iglésias 0-0: Ball
1-0: Ground out 4-3 (Groundball, 4MS, EV 83.1 MPH)
Top of the 4th over - 1 run, 2 hits, 0 errors, 1 left on base; Hicksville 3 - Twinsburg 0
BOTTOM OF THE 4TH
Twinsburg Tigers batting - Pitching for Hicksville Hounds : RHP Damarco Lyons
Batting: RHB Alex Kelley 0-0: Fly out, F8 (Flyball, 8RD, EV 88.8 MPH)
Batting: RHB Ramón Suzuarregui 0-0: Called Strike
0-1: Ground out 6-3 (Groundball, 4MS, EV 87.5 MPH)
Batting: LHB Leonardo Sánchez 0-0: Called Strike
0-1: Foul Ball, location: 2F
0-2: Ball
1-2: Strikes out looking
Bottom of the 4th over - 0 runs, 0 hits, 0 errors, 0 left on base; Hicksville 3 - Twinsburg 0
TOP OF THE 5TH
Hicksville Hounds batting - Pitching for Twinsburg Tigers : RHP Billy Hansen
Batting: RHB Rafael Gutiérrez 0-0: Ball
1-0: Ball
2-0: Foul Ball, location: 2F
2-1: Ball
3-1: Swinging Strike
3-2: Foul Ball, location: 2F
3-2: SINGLE (Line Drive, 6D, EV 95.6 MPH)
Batting: LHB Michael Cherry 0-0: Called Strike
0-1: Fly out, F8 (Flyball, 8LM, EV 91.2 MPH)
Batting: RHB Joe Barrientez 0-0: Foul Ball, location: 2F
0-1: Ball
1-1: Called Strike
1-2: SINGLE (Groundball, 34D, EV 101.9 MPH)
Rafael Gutiérrez to second
Runner from 2nd tries for 3rd, SAFE, throw by RF made to third
Batting: RHB Jun Hasegawa 0-0: Ball
1-0: SINGLE (Line Drive, 89S, EV 94.4 MPH)
Rafael Gutiérrez scores
Joe Barrientez to second
Runner from 2nd tries for 3rd, SAFE, throw by RF made to third
Batting: RHB Pedro Costa 0-0: Swinging Strike
0-1: Ball
1-1: Ball
2-1: Ball
3-1: Called Strike
3-2: Foul Ball, location: 2F
3-2: DOUBLE (Flyball, 9LM, EV 94.4 MPH)
Joe Barrientez scores
Jun Hasegawa to third
Pitching: RHP Pippino Maini
Batting: RHB Martín González 0-0: Ground out 3-1 (Groundball, 34, EV 84.4 MPH)
Jun Hasegawa scores
Pedro Costa to third
Batting: RHB Larry Thompson 0-0: Ball
1-0: Called Strike
1-1: Foul Ball, location: 2F
1-2: Strikes out looking
Top of the 5th over - 3 runs, 4 hits, 0 errors, 1 left on base; Hicksville 6 - Twinsburg 0
BOTTOM OF THE 5TH
Twinsburg Tigers batting - Pitching for Hicksville Hounds : RHP Damarco Lyons
Batting: LHB Bill Wilson 0-0: Called Strike
0-1: Swinging Strike
0-2: Ball
1-2: Foul Ball, location: 2F
1-2: Strikes out swinging
Batting: RHB Jacob Gray 0-0: Called Strike
0-1: Ball
1-1: Foul Ball, location: 2F
1-2: Foul Ball, location: 2F
1-2: Ball
2-2: Strikes out swinging
Batting: LHB Ole Geenen 0-0: Called Strike
0-1: Ball
1-1: Ball
2-1: Ball
3-1: Called Strike
3-2: SINGLE (Groundball, 3D, EV 97.5 MPH)
Batting: RHB António Martínez 0-0: Called Strike
0-1: Swinging Strike
0-2: Ball
1-2: Strikes out looking
Bottom of the 5th over - 0 runs, 1 hit, 0 errors, 1 left on base; Hicksville 6 - Twinsburg 0
TOP OF THE 6TH
Hicksville Hounds batting - Pitching for Twinsburg Tigers : RHP Pippino Maini
Batting: LHB Erik Weinstein 0-0: Ball
1-0: DOUBLE (Line Drive, 9LD, EV 112.5 MPH)
Pinch Runner at 2nd Ramiro Rivera:
Batting: RHB Arturo Iglésias 0-0: Called Strike
0-1: Ball
1-1: Foul Ball, location: 2F
1-2: Ball
2-2: Ball
3-2: SINGLE (Line Drive, 9S, EV 104.4 MPH)
Ramiro Rivera to third
Batting: RHB Rafael Gutiérrez 0-0: Ball
1-0: Fly out, F8 (Line Drive, 8RD, EV 93.8 MPH)
Runner from 3rd tags up, SCORES, throw by CF
Batting: LHB Michael Cherry 0-0: Ball
Arturo Iglésias steals 2nd, throwing error, E2
Arturo Iglésias to third
1-0: Swinging Strike
1-1: Swinging Strike
1-2: Ball
2-2: Strikes out swinging
Batting: RHB Joe Barrientez 0-0: Fly out, F8 (Flyball, 8RXD, EV 86.9 MPH)
Top of the 6th over - 1 run, 2 hits, 1 error, 1 left on base; Hicksville 7 - Twinsburg 0
BOTTOM OF THE 6TH
Twinsburg Tigers batting - Pitching for Hicksville Hounds : RHP Damarco Lyons
Now in RF: Ramiro Rivera
Batting: LHB Ray Winters 0-0: Ball
1-0: Ball
2-0: Fly out, F7 (Flyball, 7LS, EV 78.1 MPH)
Batting: LHB Christian Reynolds 0-0: Called Strike
0-1: Reached on error, E3 (Groundball, 34, EV 91.9 MPH)
Batting: RHB Alex Kelley 0-0: Called Strike
0-1: Swinging Strike
0-2: Ball
1-2: Strikes out swinging
Batting: RHB Ramón Suzuarregui 0-0: Ball
1-0: Called Strike
1-1: Called Strike
1-2: Strikes out looking
Bottom of the 6th over - 0 runs, 0 hits, 1 error, 1 left on base; Hicksville 7 - Twinsburg 0
TOP OF THE 7TH
Hicksville Hounds batting - Pitching for Twinsburg Tigers : RHP Pippino Maini
Batting: RHB Jun Hasegawa 0-0: Called Strike
0-1: SINGLE (Groundball, 6MD, EV 99.4 MPH)
Batting: RHB Pedro Costa 0-0: Swinging Strike
0-1: Ball
1-1: Ball
2-1: Swinging Strike
2-2: Fielders Choice at 2nd, 1-6 (Groundball, 23, EV 80.6 MPH)
Batting: RHB Martín González 0-0: Swinging Strike
0-1: Ball
1-1: DOUBLE (Line Drive, 3D, EV 98.8 MPH)
Pedro Costa to third
Batting: RHB Larry Thompson 0-0: Ball
1-0: Swinging Strike
1-1: Ball
2-1: Foul Ball, location: 2F
2-2: Strikes out swinging
Batting: RHB Ramiro Rivera 0-0: Called Strike
0-1: Ball
1-1: Fly out, F8 (Line Drive, 8RD, EV 91.2 MPH)
Top of the 7th over - 0 runs, 2 hits, 0 errors, 2 left on base; Hicksville 7 - Twinsburg 0
BOTTOM OF THE 7TH
Twinsburg Tigers batting - Pitching for Hicksville Hounds : RHP Damarco Lyons
Batting: LHB Leonardo Sánchez 0-0: Ground out 4-3 (Groundball, 4, EV 76.2 MPH)
Batting: LHB Bill Wilson 0-0: Swinging Strike
0-1: Called Strike
0-2: Fly out, F8 (Line Drive, 8RD, EV 91.2 MPH)
Batting: RHB Jacob Gray 0-0: Ball
1-0: Called Strike
1-1: Foul Ball, location: 2F
1-2: Ball
2-2: Fly out, F9 (Flyball, 89M, EV 91.9 MPH)
Bottom of the 7th over - 0 runs, 0 hits, 0 errors, 0 left on base; Hicksville 7 - Twinsburg 0
TOP OF THE 8TH
Hicksville Hounds batting - Pitching for Twinsburg Tigers : RHP Pippino Maini
Batting: RHB Arturo Iglésias 0-0: Ball
1-0: Ball
2-0: Foul Ball, location: 2F
2-1: Ball
3-1: Foul Ball, location: 2F
3-2: Strikes out looking
Pitching: RHP Héctor Villegas
Batting: RHB Rafael Gutiérrez 0-0: Called Strike
0-1: Foul Ball, location: 2F
0-2: DOUBLE (Line Drive, 8LD, EV 110.6 MPH)
Batting: LHB Michael Cherry 0-0: Called Strike
0-1: Swinging Strike
0-2: Ball
1-2: Foul Ball, location: 2F
1-2: Foul Ball, location: 2F
1-2: Ball
2-2: Strikes out looking
Batting: RHB Joe Barrientez 0-0: Ball
1-0: Called Strike
1-1: Called Strike
1-2: Foul Ball, location: 2F
1-2: Foul Ball, location: 2F
1-2: SINGLE (Groundball, 6MD, EV 108.1 MPH)
Rafael Gutiérrez to third
Runner from 3rd tries for Home, SAFE, throw by CF to home
Batting: RHB Jun Hasegawa 0-0: Ball
1-0: Called Strike
1-1: Ball
2-1: Foul Ball, location: 2F
2-2: SINGLE (Line Drive, 4D, EV 101.2 MPH)
Joe Barrientez to second
Pitching: RHP Saadat Eristov
Batting: RHB Pedro Costa 0-0: Ball
1-0: Ball
2-0: Foul Ball, location: 2F
2-1: Ball
3-1: Fielders Choice at 2nd, 5-4 (Groundball, 5, EV 100.0 MPH)
Top of the 8th over - 1 run, 3 hits, 0 errors, 2 left on base; Hicksville 8 - Twinsburg 0
BOTTOM OF THE 8TH
Twinsburg Tigers batting - Pitching for Hicksville Hounds : RHP Damarco Lyons
Batting: LHB Ole Geenen 0-0: Ground out 3-1 (Groundball, 34, EV 83.8 MPH)
Batting: RHB António Martínez 0-0: Ball
1-0: Swinging Strike
1-1: Ball
2-1: Foul Ball, location: 2F
2-2: Foul Ball, location: 2F
2-2: SINGLE (Groundball, 6MD, EV 93.8 MPH)
Batting: LHB Ray Winters 0-0: Swinging Strike
0-1: Swinging Strike
0-2: Ball
1-2: Ball
2-2: Ball
3-2: Foul Ball, location: 2F
3-2: Base on Balls
António Martínez to second
Batting: LHB Christian Reynolds 0-0: Ball
1-0: Ball
2-0: Foul Ball, location: 2F
2-1: SINGLE (Line Drive, 89M, EV 91.9 MPH)
António Martínez to third
Ray Winters to second
Runner from 3rd tries for Home, SAFE, no throw by RF
Batting: RHB Alex Kelley 0-0: Called Strike
0-1: Ball
1-1: Ball
2-1: Swinging Strike
2-2: 3-RUN HOME RUN (Flyball, 78XD, EV 91.9 MPH), Distance : 427 ft
Batting: RHB Ramón Suzuarregui 0-0: Ground out 6-3 (Groundball, 6, EV 86.9 MPH)
Batting: LHB Leonardo Sánchez 0-0: Ball
1-0: Foul Ball, location: 2F
1-1: Foul Ball, location: 2F
1-2: SINGLE (Line Drive, 78M, EV 96.2 MPH)
Batting: LHB Bill Wilson 0-0: Ball
1-0: Swinging Strike
Passed Ball!
Leonardo Sánchez to second
1-1: Foul Ball, location: 2F
1-2: SINGLE (Groundball, 4MD, EV 98.1 MPH)
Leonardo Sánchez to third
Runner from 3rd tries for Home, SAFE, throw by CF to home
Pitching: LHP Bob Larsen
Batting: RHB Jacob Gray 0-0: Called Strike
0-1: Swinging Strike
0-2: Foul Ball, location: 2F
0-2: Strikes out swinging
Bottom of the 8th over - 5 runs, 5 hits, 0 errors, 1 left on base; Hicksville 8 - Twinsburg 5
TOP OF THE 9TH
Hicksville Hounds batting - Pitching for Twinsburg Tigers : RHP Saadat Eristov
Batting: RHB Martín González 0-0: Foul Ball, location: 2F
0-1: Ball
1-1: Ball
2-1: Foul Ball, location: 2F
2-2: Ground out 4-3 (Groundball, 4, EV 86.2 MPH)
Batting: RHB Larry Thompson 0-0: Ball
1-0: SINGLE (Line Drive, 78S, EV 90.0 MPH)
Pitching: RHP Emery William
Batting: RHB Ramiro Rivera 0-0: Called Strike
0-1: Foul Ball, location: 2F
0-2: Ball
1-2: Fly out, F8 (Flyball, 8RS, EV 94.4 MPH)
Batting: RHB Arturo Iglésias 0-0: Called Strike
0-1: Called Strike
0-2: Ball
1-2: SINGLE (Line Drive, 89S, EV 104.4 MPH)
Larry Thompson to second
Batting: RHB Rafael Gutiérrez 0-0: Ball
1-0: Called Strike
1-1: Foul Ball, location: 2F
1-2: Ball
2-2: SINGLE (Groundball, 56D, EV 97.5 MPH)
Larry Thompson to third
Arturo Iglésias to second
Runner from 3rd tries for Home, SAFE, throw by LF to home
Batting: LHB Michael Cherry 0-0: Called Strike
0-1: Ball
1-1: Called Strike
1-2: Ball
2-2: Strikes out swinging
Top of the 9th over - 1 run, 3 hits, 0 errors, 2 left on base; Hicksville 9 - Twinsburg 5
BOTTOM OF THE 9TH
Twinsburg Tigers batting - Pitching for Hicksville Hounds : LHP Bob Larsen
Batting: LHB Ole Geenen 0-0: Ball
1-0: Ball
2-0: Foul Ball, location: 2F
2-1: Fly out, F6 (Popup, 6M, EV 78.8 MPH)
Batting: RHB António Martínez 0-0: Ball
1-0: Ball
2-0: Foul Ball, location: 2F
2-1: Foul Ball, location: 2F
2-2: Ball
3-2: Base on Balls
Batting: LHB Ray Winters 0-0: Called Strike
0-1: Swinging Strike
0-2: Ball
1-2: Ball
2-2: Fielders Choice at 2nd, 4-6 (Groundball, 4, EV 85.6 MPH)
Batting: LHB Christian Reynolds 0-0: Ground out 4-3 (Groundball, 4, EV 87.5 MPH)
Bottom of the 9th over - 0 runs, 0 hits, 0 errors, 1 left on base; Hicksville 9 - Twinsburg 5
Tuesday, January 5th, 2021 - OOTP Baseball 20.8 Build 74